 Dungeon Crawl Stone Soup version 0.18.1-48-g4cf74bf (webtiles) character file.

16 Gargoyl the Skirmisher (level 2, 18/24 HPs)
             Began as a Demonspawn Abyssal Knight on Aug 27, 2016.
             Was a Follower of Lugonu.
             Quit the game on level 1 of the Dungeon.
             The game lasted 00:00:47 (387 turns).

Gargoyl the Skirmisher (Demonspawn Abyssal Knight)   Turns: 387, Time: 00:00:47

Health: 18/24      AC:  3    Str: 12    XL:     2   Next: 41%
Magic:  2/3        EV:  6    Int: 13    God:    Lugonu [*.....]
Gold:   53         SH: 10    Dex: 12    Spells: 0 memorised, 1 level left

rFire  . . .     SeeInvis .     a - +1 hand axe
rCold  . . .     Gourm    .     b - +0 leather armour
rNeg   . . .     Faith    .     e - +0 large shield
rPois  .         Spirit   +     (no helmet)
rElec  .         Dismiss  .     (no cloak)
rCorr  .         Reflect  .     (no gloves)
SustAt .         Harm     .     (no boots)
MR     .....                    (no amulet)
Stlth  +.........               (no ring)
                                (no ring)

@: not resistant to hostile enchantments, very unstealthy
A: magic shield
a: Depart the Abyss, Renounce Religion


You were on level 1 of the Dungeon.
You worshipped Lugonu.
Lugonu was aware of your devotion.
You were not hungry.

You visited 1 branch of the dungeon, and saw 1 of its levels.
You visited the Abyss 1 time.

You collected 53 gold pieces.

Inventory:

Hand Weapons
 a - a +1 hand axe (weapon)
Armour
 b - a +0 leather armour (worn)
 e - a +0 large shield (worn)
Scrolls
 f - 2 scrolls of identify {unknown}
 g - 2 scrolls of remove curse {unknown}
 h - a scroll of recharging {unknown}
Books
 d - a book of Power

   Spells                             Type                      Level
   a - Fulminant Prism                Conjuration/Hexes            4
   b - Iskenderun's Mystic Blast      Conjuration                  4
   c - Venom Bolt                     Conjuration/Poison           5
   d - Bolt of Magma                  Conjuration/Fire/Earth       5
   e - Iron Shot                      Conjuration/Earth            6
   f - Orb of Destruction             Conjuration                  7
   g - Spellforged Servitor           Conjuration/Summoning        7
Comestibles
 c - 2 bread rations


   Skills:
 + Level 3.3 Fighting
 + Level 2.0 Axes
 + Level 1.9 Armour
 + Level 1.0 Dodging
 + Level 0.1 Shields
 + Level 2.6 Invocations


You had one spell level left.
You didn't know any spells.

Dungeon Overview and Level Annotations

Branches:
Dungeon (1/15)

Altars:


Innate Abilities, Weirdness & Mutations

When hurt, damage is shared between your health and your magic reserves.


Message History

The goblin is moderately wounded.
You block the goblin's attack. The goblin hits you with a dagger.
You closely miss the goblin.
The goblin is moderately wounded.
You block the goblin's attack.
You slash the goblin!
You kill the goblin!
Lugonu accepts your kill.
Things that are here:
a dagger; a club A goblin comes into view.
It is wielding a club.
Things that are here:
a dagger; a club You hit the goblin.
You kill the goblin!
Lugonu accepts your kill.
Things that are here:
a club; a goblin corpse
There is a stone staircase leading down here.
Are you sure you want to abandon this character and quit the game? (Confirm with "yes".)

#.###### #. ##.## #
#...######
#....#...)..#####
#.##...##..........
# ##.###.#.####.#.
#. #)#.# #.
#.#.##### #.
#@......#
#............
...............
#######.#.#####
#.#.# #.... ###.##


There were no monsters in sight!

Vanquished Creatures
  A giant cockroach (D:1)
  3 goblins (D:1)
  A hobgoblin (D:1)
  4 jackals (D:1)
  2 kobolds (D:1)
  A giant newt (D:1)
  2 rats (D:1)
14 creatures vanquished.

Notes
Turn   | Place    | Note
--------------------------------------------------------------
     0 | Abyss:1  | Gargoyl the Demonspawn Abyssal Knight began the quest for the Orb.
     0 | Abyss:1  | Reached XP level 1. HP: 18/18 MP: 2/2
    25 | Abyss:2  | Found a corrupted altar of Lugonu.
    82 | Abyss:2  | Noticed an efreet
    83 | D:1      | Escaped the Abyss
   365 | D:1      | Reached skill level 1 in Dodging
   365 | D:1      | Gained mutation: When hurt, damage is shared between your health and your magic reserves. [demonic ancestry]
   365 | D:1      | Reached XP level 2. HP: 21/24 MP: 3/3
   365 | D:1      | Reached * piety under Lugonu
   387 | D:1      | Quit the game

Skill      XL: |  1 |
---------------+----+-----
Axes           | 2 |  2.0
Dodging        | 1 |  1.0
Fighting       | |  3.3
Armour         | |  1.9
Shields        | |  0.1
Invocations    | |  2.6

Action                   || total
-------------------------++-------
Melee: Hand axe          ||    30
Invok: Depart the Abyss  ||     1
Armor: Leather armour    ||    10
Dodge: Dodged            ||    10
Block: Large shield      ||    20
